 Dungeon Crawl Stone Soup version 0.25.1-2-g60ff931df9 (webtiles) character file.

Game seed: 8146566679578742764

73 Johnny the Digger (level 3, -1/26 HPs)
             Began as a Demigod Earth Elementalist on Oct 4, 2020.
             Slain by a water moccasin zombie (4 damage)
             ... on level 3 of the Dungeon.
             The game lasted 00:02:39 (2469 turns).

Johnny the Digger (Demigod Earth Elementalist)      Turns: 2469, Time: 00:02:40

Health: -1/26      AC:  4    Str: 11    XL:     3   Next: 83%
Magic:  9/9        EV: 12    Int: 21    God:
Gold:   155        SH:  0    Dex: 16    Spells: 6/7 levels left

rFire    . . .     SeeInvis .   b - +0 mace
rCold    + . .     Gourm    .   (no shield)
rNeg     . . .     Faith    .   l - +1 leather armour {rC+}
rPois    .         Spirit   .   j - +0 helmet
rElec    .         Reflect  .   p - -2 cloak (curse)
rCorr    .         Harm     .   (no gloves)
MR       .....                  (no boots)
Stlth    ++........             (no amulet)
HPRegen  0.08/turn              (no ring)
MPRegen  0.11/turn              (no ring)

@: stab
A: high mp 1
a: no special abilities


You were on level 3 of the Dungeon.
You were not hungry.

You visited 1 branch of the dungeon, and saw 3 of its levels.

You collected 155 gold pieces.

Inventory:

Hand Weapons
 b - a +0 mace (weapon)
Missiles
 k - 93 stones (quivered)
Armour
 c - a +0 robe
 j - a +0 helmet (worn)
 l - a +1 leather armour of cold resistance (worn)
 p - a cursed -2 cloak (worn)
 x - a +0 kite shield of protection
Scrolls
 e - 2 scrolls of remove curse {unknown}
 f - a scroll of magic mapping {unknown}
 g - 3 scrolls of identify {unknown}
 i - a scroll of enchant weapon {unknown}
 r - a scroll of blinking {unknown}
 s - a scroll of fog {unknown}
 u - a scroll of amnesia {unknown}
 w - a scroll of random uselessness {unknown}
Potions
 a - a potion of might
 h - a potion of stabbing
 m - a potion of curing {unknown}
 n - a potion of haste {unknown}
 o - a potion of brilliance {unknown}
 q - a potion of ambrosia {unknown}
 t - a potion of degeneration {unknown}
Comestibles
 d - 4 rations
 v - 4 chunks of flesh


   Skills:
 - Level 1.7 Dodging
 - Level 1.7 Stealth
 + Level 0.0 Shields
 + Level 2.5 Spellcasting
   Level 0.8 Transmutations
 * Level 4.0 Earth Magic


You had 6 spell levels left.
You knew the following spells:

 Your Spells              Type           Power        Failure   Level  Hunger
a - Sandblast             Erth           ###...       3%          1    None

Your spell library contained the following spells:

 Spells                   Type           Power        Failure   Level  Hunger
 Passwall                 Tmut/Erth      ##......     10%         2    ##.....
 Stone Arrow              Conj/Erth      ##....       24%         3    ###....
 Petrify                  Tmut/Erth      ##......     54%         4    ####...
 Lee's Rapid Deconstruct  Erth           ###.......   67%         5    ######.


Dungeon Overview and Level Annotations

Branches:
Dungeon (3/15)


Innate Abilities, Weirdness & Mutations

You have an increased reservoir of magic. (+10% MP)


Message History

You are too injured to fight recklessly!
You are too injured to fight recklessly!
You are too injured to fight recklessly!
You are too injured to fight recklessly!
You are too injured to fight recklessly!
You are too injured to fight recklessly!
You are too injured to fight recklessly!
The water moccasin zombie bites you.
* * * LOW HITPOINT WARNING * * *
Okay, then.
Okay, then.
There is an open door here.
Okay, then.
Press: ? - help, v - describe, . - travel
Here: a water moccasin zombie (moderately damaged)
The floor.
It was a potion of stabbing.
You feel ready to backstab. The water moccasin zombie bites you.
You die...

... #.........(...#
#.####.##.##.....).#
#..................#
#.......#......#
#.......######.# #.#
#.......# #.#.#[#
#.......######.#.#.#
#.####........Z..#.#
#.####.#######@###.#
#.##...### #.......#
#.##...#.. +.......#
###.##...#.# #.......#
.....#...#.# #######.#
..#..#...#.# #.#
#.#..#...#.# #.#
#.#..#...#.#########.#
#.<..............)...#
#..


You could see a water moccasin zombie.

Vanquished Creatures
  An adder (D:2)
  An ooze (D:1)
  A worm (D:2)
  A dart slug (D:2)
  A leopard gecko (D:1)
  3 bats (D:1)
  3 giant cockroaches
  5 goblins
  6 hobgoblins
  11 kobolds
  A ball python (D:1)
  5 frilled lizards
  14 rats
53 creatures vanquished.

Notes
Turn   | Place    | Note
-------+----------+-------------------------------------------
     0 | D:1      | Johnny the Demigod Earth Elementalist began the quest for
                  | the Orb.
     0 | D:1      | Reached XP level 1. HP: 14/14 MP: 5/5
   235 | D:1      | Reached skill level 3 in Earth Magic
   316 | D:1      | Reached XP level 2. HP: 15/20 MP: 5/7
  1062 | D:1      | Reached XP level 3. HP: 24/26 MP: 7/9
  1642 | D:2      | Found a faded altar of an unknown god.
  1980 | D:2      | Reached skill level 4 in Earth Magic
  2469 | D:3      | Slain by a water moccasin zombie

Illustrated notes

Levels and vault maps discovered:
D:1:      dpeg_arrival_orchard, layout_loops_cross, minmay_heptomino_o4
D:2:      layout_rooms, chequers_ecumenical_altar_simple
D:3:      layout_basic, lemuel_doored_altar, nicolae_overflow_hidden_temple

Skill      XL: |  1  2  3 |
---------------+----------+-----
Earth Magic    | 3 4 |  4.0
Spellcasting   | 2 |  2.5
Dodging        | |  1.7
Stealth        | |  1.7
Transmutations | |  0.8

Action                   || total
-------------------------++-------
Melee: Unarmed           ||    56
       Mace              ||    57
 Cast: Sandblast         ||    47
  Use: Potion            ||     1
 Stab: Sleeping          ||     5
  Eat: Chunk             ||     5
Armor: Robe              ||    18
       Leather armour    ||    15
Dodge: Dodged            ||    82
